Map: Automaton LE

Players

Arcane - Winner!

  • Race: Protoss Protoss
  • League: Diamond
  • Spawn Location: 9:00

Atlantean

  • Race: Protoss Protoss
  • League: Silver
  • Spawn Location: 3:00

VOD

Have the link to the VOD?

Description

Time

  • Played on: March 29, 2019, 10:13 p.m.
  • Length: 10:27
Show
View Real Time Build Order
Export as new Build Order

Arcane Protoss - Winner!

Build Orders: Zealot Archon 

Get SALT Encoding   

  12  0:00  Probe  
  13  0:13  Probe  
  14  0:20  Pylon  
  14  0:25  Probe  
  15  0:36  Probe  
  15  0:39  Gateway  
  16  0:44  Probe  
  17  0:53  Probe  
  18  0:57  Assimilator  
  18  1:00  Assimilator  
  18  1:06  Probe  
  19  1:14  Gateway  
  19  1:18  Probe  
  20  1:28  Cybernetics Core  
  20  1:42  Probe  
  20  1:45  Pylon  
  21  1:55  Probe  
  22  2:07  Stalker x2  
  26  2:10  Probe  
  27  2:22  Probe  
  28  2:23  Warp Gate  
  28  2:35  Probe  
  29  2:47  Probe  
  30  2:52  Pylon  
  30  2:55  Pylon  
  30  3:01  Shield Battery  
  30  3:09  Stalker  
  30  3:10  Sentry  
  34  3:16  Nexus  
  34  3:21  Shield Battery  
  34  3:23  Probe  
  35  3:35  Probe  
  36  3:47  Probe  
  37  3:48  Robotics Facility  
  37  3:51  Twilight Council  
  37  3:59  Probe  
  38  4:04  Pylon  
  38  4:11  Probe  
  39  4:18  Charge  
  39  4:22  Gateway  
  39  4:23  Probe  
  39  4:24  Forge  
  40  4:31  Sentry x2  
  44  4:43  Probe x2  
  46  4:45  Observer  
  46  4:51  Protoss Ground Weapons Level 1  
  47  4:55  Probe x2  
  47  4:58  Gateway  
  49  5:02  Zealot x2  
  53  5:08  Probe x2  
  53  5:12  Assimilator  
  55  5:16  Assimilator  
  55  5:26  Probe x2  
  55  5:28  Immortal  
  61  5:35  Gateway  
  61  5:38  Probe  
  61  5:39  Pylon  
  61  5:40  Probe  
  63  5:47  Probe  
  63  5:49  Probe  
  63  5:55  Probe  
  65  5:57  Probe  
  67  6:05  Nexus, Probe  
  67  6:06  Probe  
  67  6:10  Pylon  
  69  6:12  Observer  
  70  6:19  Templar Archives  
  70  6:33  Observer, Probe x2  
  70  6:34  Protoss Ground Weapons Level 2  
  73  6:42  Zealot  
  73  6:43  Zealot x4  
  83  6:53  Gateway  
  81  6:54  Observer  
  82  7:03  Gateway  
  82  7:05  Gateway  
  82  7:07  Pylon  
  82  7:09  Pylon  
  82  7:14  Probe x2  
  84  7:17  Shield Battery  
  84  7:19  Photon Cannon  
  84  7:20  Photon Cannon  
  84  7:27  Probe x3  
  87  7:32  High Templar x4  
  87  7:35  Probe x2  
  95  7:42  Archon x2  
  97  7:44  Warp Prism  
  97  7:50  Probe x2  
  99  7:51  Probe  
  99  7:56  Assimilator  
  102  8:01  Assimilator  
  102  8:02  High Templar x2, Probe  
  102  8:03  Probe x2  
  102  8:05  Stalker, Pylon  
  111  8:06  Archon  
  111  8:08  Pylon  
  111  8:13  Gateway  
  111  8:14  Gateway  
  111  8:20  Probe x3  
  111  8:22  Pylon  
  111  8:24  Shield Battery  
  114  8:31  Pylon  
  114  8:33  Pylon  
  114  8:34  High Templar  
  114  8:35  High Templar  
  114  8:36  Pylon  
  114  8:39  Zealot  
  114  8:40  Archon  
  120  8:50  Photon Cannon  
  120  9:02  High Templar x2  
  124  9:03  Zealot x4  
  124  9:06  Archon  
  124  9:09  Probe x3  
  135  9:13  Pylon  
  135  9:16  Photon Cannon  
  135  9:20  Pylon x2  
  135  9:22  Pylon  
  135  9:25  Pylon  
  135  9:35  High Templar x2  
  135  9:36  High Templar  
  135  9:37  Zealot x2  
  135  9:38  Zealot, High Templar  
  147  9:39  Zealot x3  
  147  9:45  Pylon  
  155  9:46  Archon  
  155  9:47  Pylon, Archon  
  143  10:06  Zealot  
  143  10:07  Zealot x5  
  149  10:09  Zealot x3  
  161  10:21  Nexus  
  161  10:24  Assimilator  
Show
View Real Time Build Order
Export as new Build Order

Atlantean Protoss 

Build Orders:  

Get SALT Encoding   

  12  0:01  Probe  
  13  0:13  Probe  
  14  0:25  Probe  
  14  0:27  Pylon  
  15  0:44  Probe  
  15  0:49  Gateway  
  16  0:52  Probe  
  17  1:00  Probe  
  17  1:10  Assimilator  
  18  1:11  Probe  
  19  1:19  Assimilator  
  19  1:27  Probe  
  20  1:39  Zealot  
  22  1:47  Probe  
  23  1:59  Pylon  
  23  2:05  Cybernetics Core  
  23  2:09  Gateway  
  23  2:17  Zealot, Probe  
  26  2:29  Probe  
  26  2:44  Zealot  
  28  2:57  Stalker  
  30  3:04  Pylon  
  30  3:08  Forge  
  30  3:18  Pylon  
  30  3:22  Stalker  
  30  3:27  Stalker  
  34  3:52  Stalker  
  36  3:57  Sentry  
  38  4:03  Nexus  
  38  4:07  Pylon  
  38  4:09  Pylon  
  38  4:16  Probe  
  39  4:22  Sentry  
  39  4:23  Stalker  
  43  4:28  Probe  
  44  4:32  Photon Cannon  
  44  4:40  Protoss Ground Weapons Level 1  
  44  4:54  Stalker  
  44  4:55  Stalker  
  48  5:04  Probe  
  49  5:16  Probe  
  50  5:25  Pylon  
  50  5:31  Probe  
  50  5:34  Probe  
  52  5:44  Stargate  
  52  5:51  Stalker  
  52  5:52  Sentry  
  52  5:53  Assimilator  
  52  5:54  Probe x2  
  58  6:06  Probe x2  
  60  6:15  Stalker  
  60  6:20  Stalker  
  64  6:30  Probe x2  
  66  6:42  Probe  
  66  6:43  Protoss Ground Armor Level 1, Probe  
  66  6:44  Void Ray  
  66  6:54  Probe  
  66  6:55  Probe  
  60  7:08  Probe  
  61  7:27  Void Ray  
  61  7:29  Stalker x2  
  69  7:37  Pylon  
  69  7:40  Pylon  
  69  7:42  Stargate  
  69  7:59  Stalker x2  
  69  8:05  Assimilator  
  73  8:08  Void Ray  
  73  8:11  Probe  
  73  8:12  Probe  
  79  8:20  Void Ray  
  79  8:29  Stalker x2  
  87  8:43  Void Ray  
  91  8:59  Zealot x2  
  91  9:00  Void Ray  
  95  9:03  Pylon  
  95  9:06  Pylon  
  99  9:21  Twilight Council  
  99  9:26  Zealot x2  
  103  9:43  Void Ray  
  69  9:53  Zealot x2  
Tags
 
Add a new tag
Caveats
  • Supply blocks, unpowered buildings, or Contaminate may cause inaccurate times.
  • Supply counts are checked every 10 seconds.